 Dungeon Crawl Stone Soup version 0.16.1-7-g2c6721e (webtiles) character file.

53 jacksonaction the Grave Robber (level 3, 20/26 HPs)
             Began as a Hill Orc Necromancer on Mar 29, 2015.
             Quit the game on level 2 of the Dungeon.
             The game lasted 00:13:02 (1974 turns).

jacksonaction the Grave Robber (HONe)               Turns: 1974, Time: 00:13:02

Health: 20/26      AC:  2    Str: 10    XL:     3   Next: 87%
Magic:  1/6        EV: 12    Int: 16    God:
Gold:   0          SH:  0    Dex: 11    Spells: 3 memorised, 1 level left

rFire  . . .     SeeInvis .     (no weapon)
rCold  . . .     Clarity  .     a - +0 robe
rNeg   . . .     SustAb   .     (no shield)
rPois  .         Gourm    .     (no helmet)
rElec  .         Spirit   .     (no cloak)
rCorr  .         Warding  .     (no gloves)
rMut   .         Stasis   .     (no boots)
MR     .....                    (no amulet)
Stlth  ++........               (no ring)
                                (no ring)

@: not resistant to hostile enchantments, unstealthy
A: no striking features
a: no special abilities


You were on level 2 of the Dungeon.
You were not hungry.

You visited 1 branch of the dungeon, and saw 2 of its levels.

Inventory:

Hand weapons
 l - a +1 short sword of holy wrath
Armour
 a - a +0 robe (worn)
Jewellery
 d - an uncursed ring of invisibility {unknown}
Scrolls
 f - a scroll of identify {unknown}
 i - a scroll of enchant armour {unknown}
 k - a scroll of remove curse {unknown}
Potions
 e - a potion of brilliance {unknown}
 g - a potion of curing {unknown}
 h - a potion of lignification {unknown}
Books
 b - a book of Necromancy

   Spells                             Type                      Level
   a - Pain                           Necromancy                   1
   b - Animate Skeleton               Necromancy                   1
   c - Vampiric Draining              Necromancy                   3
   d - Regeneration                   Charms/Necromancy            3
   e - Animate Dead                   Necromancy                   4
   f - Control Undead                 Necromancy                   4
Comestibles
 c - a meat ration
 j - 6 chunks of flesh


   Skills:
 - Level 1.5 Dodging
 + Level 1.6 Stealth
 * Level 2.2 Spellcasting
 + Level 4.8 Necromancy


You had one spell level left.
You knew the following spells:

 Your Spells              Type           Power        Failure   Level  Hunger
a - Pain                  Necr           ###.         3%          1    #......
b - Animate Skeleton      Necr           N/A          3%          1    #......
c - Vampiric Draining     Necr           ###.......   12%         3    ###....


Dungeon Overview and Level Annotations

Branches:
Dungeon (2/15)

Altars:


Message History

The dead are walking!
The hobgoblin shouts!
You see here a chunk of flesh.
Casting: Animate Skeleton
Confirm with . or Enter, or press ? or * to list all spells.
Aiming: Pain
Press: ? - help, Shift-Dir - straight line, f - hobgoblin
Aim: a hobgoblin (chance 87%)
The hobgoblin convulses in agony!
You kill the hobgoblin!
j - 3 chunks of flesh (gained 1)
Found a stone staircase leading down.
You see here a hobgoblin corpse.
Casting: Pain
Confirm with . or Enter, or press ? or * to list all spells.
You attempt to give life to the dead...
Before your eyes, flesh is ripped from the corpse!
The dead are walking!
j - 6 chunks of flesh (gained 3) Are you sure you want to abandon this character and quit the game? (Confirm with "yes".)

#.#.##..####.####
# #<## #.# # #.#
#. #.#
#####.##.#####
.........Z..>#
#######.Z###.#.##
#.@........
##.######## #.#
..# ###


You could see a friendly rat skeleton and a friendly hobgoblin skeleton.

Vanquished Creatures
  An adder (D:1)
  A giant mite (D:1)
  3 giant geckos (D:1)
  An ooze (D:2)
  3 giant cockroaches (D:1)
  2 goblins (D:1)
  6 hobgoblins
  2 kobolds (D:1)
  5 bats
  2 giant newts (D:1)
  2 rats
28 creatures vanquished.

Vanquished Creatures (collateral kills)
  A giant cockroach (D:1)
  3 goblins (D:1)
  A kobold (D:1)
  A rat (D:1)
6 creatures vanquished.

Vanquished Creatures (others)
  A bat skeleton (D:1)
  2 hobgoblin skeletons
3 creatures vanquished.

Grand Total: 37 creatures vanquished

Notes
Turn   | Place    | Note
--------------------------------------------------------------
     0 | D:1      | jacksonaction, the Hill Orc Necromancer, began the quest for the Orb.
     0 | D:1      | Reached XP level 1. HP: 14/14 MP: 2/2
     2 | D:1      | Learned a level 1 spell: Animate Skeleton
   282 | D:1      | Reached XP level 2. HP: 17/20 MP: 0/3
  1065 | D:1      | Reached XP level 3. HP: 22/26 MP: 0/6
  1345 | D:1      | Learned a level 3 spell: Vampiric Draining
  1974 | D:2      | Quit the game

Action                   || total
-------------------------++-------
Melee: Unarmed           ||     1
 Cast: Pain              ||    60
       Animate Skeleton  ||    11
  Eat: Chunk             ||     4
